 Dungeon Crawl Stone Soup version 0.24-a0-462-ge24419a6ad (console) character file.

Game seed: 2317687389545861731

2576 Lexodia the Disciple of Destruction (level 9, -2/63 HPs)
             Began as a Demonspawn Fighter on July 2, 2019.
             Was a Follower of Makhleb.
             Slain by an orc warrior
             ... wielding a +0 dire flail
              (3 damage)
             ... on level 9 of the Dungeon.
             The game lasted 00:20:22 (7563 turns).

Lexodia the Disciple of Destruction (DsFi)          Turns: 7563, Time: 00:20:23

Health: -2/63      AC: 18    Str: 20    XL:     9   Next: 32%
Magic:  16/16      EV:  7    Int: 10    God:    Makhleb [*.....]
Gold:   564        SH:  6    Dex: 14    Spells: 8/8 levels left

rFire    + . .     SeeInvis .   a - +0 war axe
rCold    . . .     Gourm    .   F - +0 buckler
rNeg     . . .     Faith    .   J - +0 chain mail {rPois}
rPois    +         Spirit   .   (helmet restricted)
rElec    .         Reflect  .   x - +0 cloak
rCorr    .         Harm     .   r - +2 pair of gloves
MR       +....                  p - +0 pair of boots
Stlth    +.........             j - amulet of rage (curse)
HPRegen  0.20/turn              t - ring of protection from magic
MPRegen  0.15/turn              w - ring of protection from fire

@: studying Invocations, lightly drained
A: horns 1, iridescent scales 2, demonic guardian 2, nightstalker 1, strong 1,
wild magic 1
a: Renounce Religion, Evoke Berserk Rage


You were on level 9 of the Dungeon.
You worshipped Makhleb.
Makhleb was aware of your devotion.
You were not hungry.

You visited 1 branch of the dungeon, and saw 9 of its levels.
You also visited: Sewer.

You collected 564 gold pieces.

Inventory:

Hand Weapons
 a - a +0 war axe (weapon)
Armour
 c - a +0 shield
 p - a +0 pair of boots (worn)
 r - a +2 pair of gloves (worn)
 x - a +0 cloak (worn)
 F - a +0 buckler (worn)
 J - a +0 chain mail of poison resistance (worn)
Jewellery
 j - a cursed amulet of rage (around neck)
 t - a ring of protection from magic (left hand)
 w - a ring of protection from fire (right hand)
 L - an uncursed ring of positive energy
Wands
 h - a wand of polymorph (5)
 E - a wand of flame (46)
Scrolls
 b - 7 scrolls of amnesia {unknown}
 e - 5 scrolls of teleportation
 i - 11 scrolls of identify
 l - a scroll of enchant weapon {unknown}
 u - 2 scrolls of fog {unknown}
 v - a scroll of fear {unknown}
 y - 3 scrolls of enchant armour
 z - a scroll of noise {unknown}
 B - 3 scrolls of remove curse
 G - 2 scrolls of random uselessness {unknown}
 H - 3 scrolls of blinking {unknown}
 K - 3 scrolls of immolation {unknown}
 M - a scroll of acquirement {unknown}
Potions
 d - 4 potions of might
 g - a potion of agility
 k - 9 potions of curing
 m - a potion of resistance
 n - 2 potions of heal wounds {unknown}
 o - 4 potions of degeneration {unknown}
 q - 5 potions of flight {unknown}
 s - a potion of ambrosia {unknown}
 A - 2 potions of berserk rage
 D - a potion of brilliance {unknown}
 I - a potion of invisibility {unknown}
Books
 C - a manual of Invocations
Comestibles
 f - 13 rations


   Skills:
 - Level 3.0(2.9) Fighting
 + Level 5.9(5.8) Axes
 - Level 3.0(2.9) Armour
 + Level 5.8(5.7) Stealth
 + Level 7.2(7.1) Shields
 * Level 10.2(10.1) Invocations
 + Level 0.4(0.3) Evocations


You had 8 spell levels left.
You didn't know any spells.
Your spell library contained the following spells:

 Spells                   Type           Power        Failure   Level  Hunger
 Beastly Appendage        Tmut           #.....       99%         1    ##.....
 Magic Dart               Conj           #...         99%         1    ##.....
 Blink                    Tloc           N/A          100%        2    ###....
 Call Imp                 Summ           #.......     100%        2    ###....
 Slow                     Hex            #.......     100%        2    ###....
 Sticks to Snakes         Tmut           #.......     100%        2    ###....
 Conjure Flame            Conj/Fire      #.......     100%        3    ####...
 Mephitic Cloud           Conj/Pois/Air  #.......     100%        3    ####...
 Spider Form              Tmut/Pois      #.........   100%        3    ####...
 Ice Form                 Ice/Tmut       #.......     100%        4    #####..
 Blade Hands              Tmut           #.........   100%        5    ######.


Dungeon Overview and Level Annotations

Branches:
Dungeon (9/15)             Temple (0/1) D:6
   Lair: D:8-11         Orc: D:9-12

Altars:
Ashenzari
Cheibriados
Elyvilon
Makhleb
Vehumet
Xom


Innate Abilities, Weirdness & Mutations

You have a pair of small horns on your head.
You are mostly covered in iridescent scales. (AC +4)
A demonic guardian rushes to your aid.
You are slightly more attuned to the shadows.
Your muscles are strong. (Str +2)
Your spells are a little harder to cast, but a little more powerful.


Message History

You closely miss the orc warrior.
The orc warrior is almost dead.
The orc warrior hits you with a +0 dire flail!
Huge Dmg: -15%(-10hp) hp: 47%(29hp)
You hit the orc warrior but do no damage.
Your headbutt misses the orc warrior.
The orc warrior is almost dead.
The orc warrior hits you with a +0 dire flail!
Huge Dmg: -16%(-10hp) hp: 31%(19hp)
You hit the orc warrior.
The orc warrior is almost dead.
The orc warrior hits you but does no damage.
You hit the orc warrior but do no damage.
The orc warrior is almost dead.
The orc warrior hits you with a +0 dire flail!!
* * * LOW HITPOINT WARNING * * *
Huge Dmg: -29%(-18hp) hp: 2%(1hp) Unknown command.
The orc warrior hits you with a +0 dire flail.
You die...

..... ....l.
.....####.......
................
.........^......
................
................
......)o........
.###...@.)......
#............
+............
##.....##+#+##
........#
########.# #<#
###


You could see an orc warrior.

Vanquished Creatures
  Sigmund (D:2)
  4 sky beasts
  A black bear (D:6)
  An ogre (D:9)
  Blork the orc (D:4)
  A bullfrog (D:8)
  A killer bee (D:7)
  2 wights (D:8)
  2 crimson imps
  A bullfrog zombie (D:6)
  A howler monkey (D:4)
  3 hounds
  2 jellies
  2 orc priests
  A centaur skeleton (D:8)
  A bullfrog skeleton (D:8)
  Jessica (D:2)
  2 iguanas
  2 orc wizards
  2 worker ants
  2 hound zombies
  2 hound skeletons (D:4)
  Robin (D:2)
  9 gnolls
  11 adders
  3 oozes
  An adder skeleton (D:7)
  5 worms
  2 dart slugs
  6 leopard geckos
  18 orcs
  3 ball pythons
  7 giant cockroaches
  11 goblins
  11 hobgoblins
  7 jackals
  2 quokkas (D:3)
  12 bats
  6 frilled lizards
  A jackal skeleton (D:5)
  10 kobolds
  13 rats
175 creatures vanquished.

Vanquished Creatures (collateral kills)
  2 hungry ghosts (D:7)
  An orc warrior (D:4)
  A phantom (D:4)
  An ogre (D:4)
  2 bullfrogs (D:7)
  A water moccasin zombie (D:7)
  5 killer bees (D:7)
  A wight (D:8)
  An orc priest (D:7)
  An orc wizard (D:4)
  2 worker ants
  4 gnolls (D:5)
  An orc (D:8)
23 creatures vanquished.

Grand Total: 198 creatures vanquished

Notes
Turn   | Place    | Note
-------+----------+-------------------------------------------
     0 | D:1      | Lexodia the Demonspawn Fighter began the quest for the Orb.
     0 | D:1      | Reached XP level 1. HP: 18/18 MP: 1/1
    36 | D:1      | Huge Dmg: 5 dmg
    37 | D:1      | Huge Dmg: 3 dmg
   238 | D:1      | Gained mutation: You have a pair of small horns on your
                  | head. [demonic ancestry]
   238 | D:1      | Reached XP level 2. HP: 20/24 MP: 2/2
   685 | D:2      | Noticed Jessica
   690 | D:2      | Killed Jessica
   690 | D:2      | Gained mutation: You are slightly more attuned to the
                  | shadows. [demonic ancestry]
   690 | D:2      | Reached XP level 3. HP: 25/29 MP: 3/3
   715 | D:2      | Noticed Robin
   721 | D:2      | Huge Dmg: 5 dmg
   723 | D:2      | Huge Dmg: 6 dmg
   723 | D:2      | Killed Robin
   724 | D:2      | Huge Dmg: 5 dmg
   726 | D:2      | Huge Dmg: 3 dmg
  1106 | D:2      | Huge Dmg: 5 dmg
  1111 | D:2      | Huge Dmg: 4 dmg
  1115 | D:2      | Gained mutation: You are partially covered in iridescent
                  | scales. (AC +2) [demonic ancestry]
  1115 | D:2      | Reached XP level 4. HP: 11/35 MP: 4/4
  1522 | D:2      | Huge Dmg: 7 dmg
  1534 | D:2      | Huge Dmg: 4 dmg
  1535 | D:2      | Huge Dmg: 3 dmg
  1552 | D:2      | Huge Dmg: 4 dmg
  1997 | D:2      | Gained mutation: A weak demonic guardian rushes to your
                  | aid. [demonic ancestry]
  1997 | D:2      | Reached XP level 5. HP: 40/41 MP: 5/5
  2189 | D:2      | Noticed Sigmund
  2191 | D:2      | Reached skill level 1 in Stealth
  2194 | D:2      | Huge Dmg: 7 dmg
  2197 | D:2      | Huge Dmg: 7 dmg
  2198 | D:2      | Huge Dmg: 7 dmg
  2495 | D:2      | Huge Dmg: 9 dmg
  2496 | D:2      | Killed Sigmund
  2496 | D:2      | Reached skill level 5 in Shields
  2669 | D:3      | Huge Dmg: 9 dmg
  2707 | D:3      | Gained mutation: A demonic guardian rushes to your aid.
                  | [demonic ancestry]
  2707 | D:3      | Reached XP level 6. HP: 31/47 MP: 6/6
  3060 | D:3      | You fall into a shaft and drop 3 floors!
  3065 | D:5      | Entered Level 5 of the Dungeon
  3143 | D:5      | Found a glowing drain.
  3164 | Sewer    | Entered a sewer
  3601 | D:5      | Noticed a sky beast
  3622 | D:5      | Killed a sky beast
  3815 | D:5      | Reached XP level 7. HP: 52/52 MP: 7/7
  4220 | D:5      | Found a burning altar of Makhleb.
  4221 | D:5      | Found a bloodstained altar of Trog.
  4221 | D:5      | Found a shimmering altar of Xom.
  4224 | D:5      | Found a deep blue altar of Sif Muna.
  4224 | D:5      | Found a deep blue altar of Sif Muna.
  4224 | D:5      | Found a shimmering altar of Xom.
  4386 | D:4      | Noticed Blork the orc
  4394 | D:4      | Huge Dmg: 12 dmg
  4402 | D:4      | Killed Blork the orc
  4461 | D:4      | Huge Dmg: 10 dmg
  4560 | D:4      | Found a burning altar of Makhleb.
  5030 | D:4      | Became a worshipper of Makhleb the Destroyer
  5100 | D:6      | Found a radiant altar of Vehumet.
  5183 | D:6      | Reached skill level 1 in Invocations
  5225 | D:6      | Reached XP level 8. HP: 57/58 MP: 9/9
  5246 | D:6      | Reached skill level 2 in Invocations
  5436 | D:6      | Found a staircase to the Ecumenical Temple.
  5544 | D:6      | Reached skill level 3 in Invocations
  5706 | D:7      | Huge Dmg: 15 dmg
  5709 | D:7      | Reached skill level 4 in Invocations
  5712 | D:7      | Huge Dmg: 16 dmg
  5713 | D:7      | Reached skill level 5 in Axes
  5716 | D:7      | Huge Dmg: 5 dmg
  5719 | D:7      | Huge Dmg: 3 dmg
  5722 | D:7      | Reached skill level 5 in Invocations
  5733 | D:7      | Huge Dmg: 2 dmg
  6039 | D:6      | Gained mutation: You have sharp toenails. [potion of
                  | mutation]
  6039 | D:6      | Gained mutation: You are weak. (Str -2) [potion of
                  | mutation]
  6039 | D:6      | Gained mutation: Potions are less effective at restoring
                  | your health. [potion of mutation]
  6039 | D:6      | Gained mutation: Your flesh is heat resistant. (rF+)
                  | [potion of mutation]
  6040 | D:6      | Lost mutation: You have sharp toenails. [potion of
                  | mutation]
  6040 | D:6      | Lost mutation: Potions are less effective at restoring your
                  | health. [potion of mutation]
  6040 | D:6      | Lost mutation: Your flesh is heat resistant. (rF+) [potion
                  | of mutation]
  6040 | D:6      | Gained mutation: Your flesh is heat resistant. (rF+)
                  | [potion of mutation]
  6040 | D:6      | Gained mutation: You expend magic power (3 MP) to
                  | strengthen your wands. [potion of mutation]
  6041 | D:6      | Lost mutation: Your flesh is heat resistant. (rF+) [potion
                  | of mutation]
  6041 | D:6      | Lost mutation: You are weak. (Str -2) [potion of mutation]
  6041 | D:6      | Lost mutation: You expend magic power (3 MP) to strengthen
                  | your wands. [potion of mutation]
  6041 | D:6      | Gained mutation: Your muscles are strong. (Str +2) [potion
                  | of mutation]
  6041 | D:6      | Gained mutation: Your spells are a little harder to cast,
                  | but a little more powerful. [potion of mutation]
  6173 | D:7      | Found a shattered altar of Ashenzari.
  6312 | D:7      | Huge Dmg: 13 dmg
  6314 | D:7      | Reached skill level 6 in Invocations
  6345 | D:7      | Huge Dmg: 9 dmg
  6345 | D:7      | Reached skill level 5 in Stealth
  6369 | D:7      | Huge Dmg: 8 dmg
  6370 | D:7      | Reached skill level 7 in Invocations
  6561 | D:7      | Reached skill level 8 in Invocations
  6562 | D:7      | Reached * piety under Makhleb
  6564 | D:7      | Huge Dmg: 10 dmg
  6573 | D:7      | Gained mutation: You are mostly covered in iridescent
                  | scales. (AC +4) [demonic ancestry]
  6573 | D:7      | Reached XP level 9. HP: 28/63 MP: 15/15
  6738 | D:8      | Reached skill level 9 in Invocations
  6844 | D:8      | Found a white marble altar of Elyvilon.
  7106 | D:8      | Found a snail-covered altar of Cheibriados.
  7189 | D:8      | Huge Dmg: 20 dmg
  7190 | D:8      | Huge Dmg: 8 dmg
  7192 | D:8      | Huge Dmg: 6 dmg
  7193 | D:8      | Huge Dmg: 11 dmg
  7198 | D:8      | Huge Dmg: 3 dmg
  7199 | D:8      | Reached skill level 10 in Invocations
  7558 | D:9      | Huge Dmg: 12 dmg
  7560 | D:9      | Huge Dmg: 10 dmg
  7561 | D:9      | Huge Dmg: 10 dmg
  7562 | D:9      | HP: 1/63 [orc warrior/+0 dire flail (18)]
  7563 | D:9      | Huge Dmg: 18 dmg
  7563 | D:9      | Slain by an orc warrior

Levels and vault maps discovered:
D:1:      nzn_arrival_crosshair, layout_basic
D:2:      layout_basic, first_ration, uniq_jessica, uniq_robin, uniq_sigmund
D:3:      layout_basic, hangedman_decor_slide_cut, hangedman_decor_growths,
          st_stairs_5, serial_bayou_pond_a
D:4:      layout_rooms, bloody_makhleb, minmay_manual_macuahuitl,
          uniq_blork_the_orc
D:5:      layout_cave_pods, portal_sewer_entry_a, doesnt_xom_only_xom
D:6:      black_bear_nest_1, layout_gridville, vehumet_altar_wand_db,
          temple_fountains
D:7:      layout_cave_pools, nicolae_ashenzari_panopticon
D:8:      layout_rooms, elyvilon_altar_3, kennysheep_mini_moat
D:9:      layout_basic, yredelemnul_forgotten_temple_becter, tso_altar,
          lair_entry_dummy, serial_shops, shop, grunt_pizzeria

Skill      XL: |  1  2  3  4  5  6  7  8  9 |
---------------+----------------------------+-----
Axes           | 2 3 4 5 |  5.9
Armour         | 3 |  3.0
Shields        | 3 4 5 6 7 |  7.2
Stealth        | 2 3 4 5 |  5.8
Invocations    | 1 8 10 | 10.2
Fighting       | |  3.0
Evocations     | |  0.4

Action                   |  1- 3 |  4- 6 |  7- 9 || total
-------------------------+-------+-------+-------++-------
Melee: War axe           |    85 |   249 |   273 ||   607
       Headbutt          |     7 |    45 |    52 ||   104
       Battleaxe         |       |       |    22 ||    22
  Use: Scroll            |       |       |     4 ||     4
       Potion            |       |       |     3 ||     3
 Stab: Sleeping          |       |     2 |     7 ||     9
       Distracted        |       |       |     4 ||     4
  Eat: Chunk             |     1 |     9 |    15 ||    25
Armor: Scale mail        |    50 |   128 |    64 ||   242
       Chain mail        |       |       |   129 ||   129
Dodge: Dodged            |    32 |    97 |   117 ||   246
Block: Shield            |    55 |   141 |    14 ||   210
       Buckler           |       |       |    75 ||    75

Table legend:
 A = Non-vault XP
 B = Vault XP
 C = Vault XP percentage of total XP
 D = Non-vault monster count
 E = Vault monster count
 F = Vault count percentage of total count
                 A         B        C        D         E       F
            +---------+---------+-------+---------+---------+-------
      Total |    3091 |     589 |  16.0 |     153 |      45 |  22.7
            +---------+---------+-------+---------+---------+-------
        D:1 |      27 |       0 |   0.0 |      13 |       0 |   0.0
        D:2 |     122 |     213 |  63.6 |      28 |      10 |  26.3
        D:3 |      72 |      16 |  18.2 |      28 |       3 |   9.7
        D:4 |     433 |     184 |  29.8 |      15 |       6 |  28.6
        D:5 |     249 |      17 |   6.4 |      11 |       8 |  42.1
        D:6 |     125 |     121 |  49.2 |       5 |       2 |  28.6
        D:7 |    1210 |       0 |   0.0 |      29 |       0 |   0.0
        D:8 |     734 |       0 |   0.0 |      21 |       0 |   0.0
        D:9 |     119 |       0 |   0.0 |       3 |       0 |   0.0
      Sewer |       0 |      38 | 100.0 |       0 |      16 | 100.0
            +---------+---------+-------+---------+---------+-------
